 Dungeon Crawl Stone Soup version 0.28-a0-1312-g71652a0310 (webtiles) character file.

Game seed: 15573849596287016785

110891 dolemite99 the Severer (level 16, 0/141 HPs)
             Began as a Hill Orc Fighter on Dec 25, 2021.
             Was a Priest of Hepliaklqana.
             Slain by a naga (6 damage)
             ... on level 2 of the Snake Pit on Dec 28, 2021.
             The game lasted 00:56:55 (32438 turns).

dolemite99 the Severer (Hill Orc Fighter)          Turns: 32438, Time: 00:56:56

Health: 0/141      AC: 30    Str: 25    XL:     16   Next: 56%
Magic:  24/24      EV:  7    Int: 10    God:    Hepliaklqana [***...]
Gold:   109        SH:  5    Dex: 12    Spells: 15/15 levels left

rFire   + + .      SeeInvis .   a - +6 battleaxe (venom) {RUPERT}
rCold   + . .      Faith    .   (shield currently unavailable)
rNeg    . . .      Spirit   .   E - +1 plate armour of the Earth {Int+2}
rPois   +          Reflect  +   m - +1 helmet
rElec   +          Harm     .   K - +1 cloak
rCorr   +          Rampage  .   G - +2 pair of gloves
Will    ++...                   q - +2 pair of boots
Stlth   ..........              W - amulet of reflection
HPRegen 0.33/turn               i - ring of willpower {=R}
MPRegen 0.19/turn               U - ring of protection from fire

@: lethally poisoned (0 -> -4), about to teleport, resistant, constricted
A: reduced essence, talons 1, poison resistance
a: Renounce Religion, Recall Ancestor, Ancestor Identity, Transference


You were on level 2 of the Snake Pit.
You worshipped Hepliaklqana.
Hepliaklqana was most pleased with you.
You visited 4 branches of the dungeon, and saw 25 of its levels.

You collected 2373 gold pieces.
You spent 2264 gold pieces at shops.

Inventory:

Hand Weapons
 a - a +6 battleaxe of venom (weapon) {RUPERT}
 b - a +6 hunting sling of flaming
 o - a +1 war axe of draining
 u - a +0 battleaxe of flaming
 Y - a +2 vorpal battleaxe
Missiles
 p - 90 sling bullets
 r - 2 silver javelins
 t - 29 boomerangs
 v - 101 poisoned darts
 w - 4 curare-tipped darts (quivered)
 y - 2 throwing nets
 R - 686 stones
Armour
 m - a +1 helmet (worn)
 q - a +2 pair of boots (worn)
 E - the +1 plate armour of the Earth (worn) {Int+2}
   (You bought it in a shop on level 2 of the Orcish Mines)

   Int:       It affects your intelligence (+2).
 G - a +2 pair of gloves (worn)
 K - a +1 cloak (worn)
Magical Staves
 n - a staff of cold
 C - a staff of air
Jewellery
 i - a ring of willpower (left hand) {=R}
 x - a +6 ring of intelligence
 H - a ring of resist corrosion
 N - a ring of poison resistance
 U - a ring of protection from fire (right hand)
 W - an amulet of reflection (around neck)
Wands
 A - a wand of mindburst (34)
 D - a wand of paralysis (20)
 O - a wand of flame (13)
 Q - a wand of acid (1)
Scrolls
 g - 5 scrolls of teleportation
 k - 2 scrolls of vulnerability
 s - 2 scrolls of silence
 V - 2 scrolls of holy word
Potions
 c - a potion of ambrosia
 d - 5 potions of might
 e - 4 potions of berserk rage
 f - 3 potions of flight
 h - 4 potions of curing
 j - 4 potions of attraction
 l - 7 potions of brilliance
 z - 2 potions of cancellation
 B - a potion of magic {unknown}
 F - 2 potions of lignification
 I - a potion of invisibility
 J - 3 potions of haste
 L - a potion of resistance
Miscellaneous
 M - a phantom mirror (inert)
 Z - a box of beasts (inert)


   Skills:
 + Level 17.8 Fighting
 - Level 20.0 Axes
 - Level 4.9(6.0) Slings
 - Level 5.0(6.0) Throwing
 - Level 15.1 Armour
 - Level 8.0 Dodging
 - Level 4.0 Shields
 * Level 10.8 Invocations
 - Level 2.4 Evocations


You had 15 spell levels left.
You didn't know any spells.
Your spell library contained the following spells:

 Spells                   Type           Power      Damage    Failure   Level
 Slow                     Hex            0%         N/A       95%         1
 Corpse Rot               Necr/Air       0%         N/A       99%         2
 Ensorcelled Hibernation  Hex/Ice        0%         N/A       99%         2
 Passwall                 Tmut/Erth      0%         N/A       99%         2
 Sublimation of Blood     Necr           0%         N/A       99%         2
 Wereblood                Tmut           0%         N/A       99%         2
 Confusing Touch          Hex            0%         N/A       100%        3
 Portal Projectile        Hex/Tloc       0%         N/A       100%        3
 Spider Form              Tmut/Pois      0%         N/A       100%        3
 Swiftness                Air            0%         N/A       100%        3
 Vampiric Draining        Necr           0%         2d6       100%        3
 Animate Dead             Necr           0%         N/A       100%        4
 Blade Hands              Tmut           0%         N/A       100%        5
 Borgnjor's Vile Clutch   Necr/Erth      0%         N/A       100%        5
 Excruciating Wounds      Necr           0%         N/A       100%        5
 Yara's Violent Unravell  Hex/Tmut       0%         3d3       100%        5
 Death Channel            Necr           0%         N/A       100%        6
 Enfeeble                 Hex            0%         N/A       100%        7
 Summon Hydra             Summ           0%         N/A       100%        7
 Death's Door             Necr           0%         N/A       100%        9


Dungeon Overview and Level Annotations

Branches:
Dungeon (15/15)            Temple (0/1) D:5            Lair (6/6) D:8
 Shoals (0/4) Lair:2        Snake (2/4) Lair:3        Slime (0/5) Lair:6
    Orc (2/2) D:11            Elf (0/3) Orc:2        Vaults (0/5) D:13
 Depths (0/4) D:15

Altars:
Cheibriados
Elyvilon
Fedhas
Hepliaklqana
Kikubaaqudgha
Nemelex Xobeh
Qazlal
Wu Jian
Zin
Jiyva

Shops:
D:3 (![   D:4 (   D:6 !   D:10 *   D:11 =   D:12 *   Orc:1 *   Orc:2 *[!!

Portals:
Trove: D:12 (give 6 scrolls of blinking)

Annotations:
D:12 exclusion: downstairs


Innate Abilities, Weirdness & Mutations

Your life essence is reduced to manifest your ancestor. (-10% HP)
You have sharp toenails.
Your system is resistant to poisons. (rPois)


Message History

You resist.
The naga sharpshooter shoots a bolt.
The bolt hits you!!
The naga warrior hits you with a +0 scimitar!
The naga warrior grabs you. The naga warrior constricts you.
You feel much better. The naga warrior closely misses you.
The naga warrior constricts you.
You slice the naga warrior!!
The naga warrior looks as sick as possible!
The naga warrior is severely wounded.
You closely miss the naga. The naga hits you with a +0 mace!
You hit the naga warrior.
The naga warrior is severely wounded.
You hit the naga but do no damage.
The naga is poisoned.
The naga warrior spits poison at you.
The splash of poison hits you but does no damage.
You are poisoned.
You resist. The naga warrior constricts you. The naga hits you with a +0 mace!!
You closely miss the naga warrior.
The naga warrior is severely wounded.
You completely miss the naga.
You feel sick.
The naga warrior hits you with a +0 scimitar!
The naga warrior constricts you. The naga completely misses you.
As you read the scroll of teleportation, it crumbles to dust.
You feel strangely unstable.
You feel sick.
The naga warrior is no longer covered in acid.
The black mamba bites you!
* * * LOW HITPOINT WARNING * * *
The naga warrior hits you with a +0 scimitar.
* * * LOW HITPOINT WARNING * * *
The naga warrior constricts you.
* * * LOW HITPOINT WARNING * * *
The naga hits you with a +0 mace!
* * * LOW HITPOINT WARNING * * *
The black mamba barely misses you.
You feel protected.
You feel sick. The black mamba bites you!
* * * LOW HITPOINT WARNING * * *
The naga warrior hits you with a +0 scimitar.
* * * LOW HITPOINT WARNING * * *
The naga warrior constricts you. The naga hits you with a +0 mace.
You die...

..# ...## .S.#.
.... #.S# #N.###
#...# ### ..
####NN####....
....##.)@N.......#
/........S....##..
######....<........
########...### ...#
..# ###


You could see a naga warrior (extremely poisoned), a naga sharpshooter (strong),
a black mamba and a naga (strong, very poisoned).

Vanquished Creatures
  Jorgrun (D:13)
  Agnes (D:14)
  An orc warlord (Orc:1)
  Azrael (Orc:2)
  Josephine (Orc:2)
  3 naga warriors (Snake:1)
  A vault guard (D:12)
  3 boulder beetles
  An ogre mage (D:13)
  4 hydras
  4 centaur warriors
  7 two-headed ogres
  A tengu warrior (D:13)
  7 naga sharpshooters
  A shock serpent (Snake:1)
  Sonja (D:13)
  A glowing orange brain (D:15)
  An orc sorcerer (Orc:2)
  A deep elf zephyrmancer (D:13)
  4 salamanders
  2 orc knights
  A wolf spider (Lair:3)
  6 ugly things
  2 deep elf pyromancers
  3 mana vipers (Snake:1)
  2 manticores
  2 elephants
  5 cyclopes
  2 centaur zombies
  A naga mage (Snake:1)
  A guardian serpent (Snake:2)
  2 black mambas
  7 cane toads
  A torpor snail (Lair:3)
  A gargoyle (D:11)
  An unseen horror (shapeshifter) (D:14)
  A rime drake (Lair:2)
  Psyche (D:11)
  A komodo dragon (Lair:2)
  A yaktaur (D:15)
  4 trolls
  4 meliai
  A polar bear (Lair:3)
  3 tyrant leeches (Lair:6)
  15 blink frogs
  12 slime creatures
  A dream sheep (Lair:4)
  A jumping spider (shapeshifter) (D:15)
  Sigmund (D:2)
  A shadow (D:11)
  4 wyverns
  19 yaks
  2 wraiths
  A fire elemental (Orc:2)
  3 basilisks
  10 vampire mosquitoes
  A warg (Orc:1)
  A two-headed ogre zombie (D:11)
  3 nagas (Snake:2)
  2 acid dragons
  5 water moccasins
  13 orc warriors
  An ice beast (shapeshifter) (D:14)
  A sky beast (D:6)
  An ice beast (D:8)
  A black bear (D:8)
  A necrophage (D:4)
  4 ogres
  A boggart (D:13)
  14 wolves
  26 centaurs
  5 kobold brigands
  16 bullfrogs
  A wyvern zombie (D:8)
  A scorpion (D:5)
  2 wyvern skeletons (D:7)
  2 troll zombies (D:11)
  3 killer bees
  2 howler monkeys
  An electric eel (Lair:6)
  A jelly (D:7)
  12 orc priests
  2 hounds
  An iguana (D:7)
  12 orc wizards
  4 hell rats
  A killer bee zombie (D:8)
  4 ogre zombies (D:11)
  2 howler monkey zombies
  Robin (D:2)
  4 gnolls (D:9)
  5 adders
  2 shadow imps
  A white imp (D:6)
  35 orcs
  9 endoplasms
  2 giant cockroaches (D:1)
  9 goblins
  5 hobgoblins
  2 jackals (D:1)
  2 quokkas
  3 ball pythons
  4 bats
  3 frilled lizards
  A goblin skeleton (D:11)
  3 goblin zombies (D:11)
  2 hobgoblin skeletons (D:11)
  A hobgoblin zombie (D:11)
  14 kobolds
  3 orc skeletons (D:11)
  11 orc zombies (D:11)
  9 rats
448 creatures vanquished.

Vanquished Creatures (collateral kills)
  Rupert (Lair:6)
  Snorg (D:11)
  Erolcha (D:9)
  A naga warrior (Snake:1)
  2 catoblepae
  3 boulder beetles
  3 hydras
  A rakshasa (D:15)
  3 centaur warriors
  An anaconda (shapeshifter) (D:13)
  A two-headed ogre (D:13)
  An orc high priest (Orc:2)
  Nergalle (D:12)
  A deep elf knight (D:13)
  A naga ritualist (Snake:1)
  3 cyclopes
  2 deep elf pyromancers
  3 orc sorcerers (Orc:2)
  An ugly thing (D:15)
  7 elephants
  Joseph (D:8)
  An unseen horror (D:11)
  3 black mambas (Snake:1)
  10 cane toads
  5 komodo dragons
  2 tengu conjurers
  4 trolls
  2 meliai (D:14)
  2 hornets (D:8)
  2 polar bears (Lair:5)
  9 blink frogs
  A wind drake (shapeshifter) (D:14)
  2 tyrant leeches (Lair:6)
  9 slime creatures
  6 dream sheep (Lair:4)
  4 wraiths
  A centaur simulacrum (D:14)
  A vampire (D:14)
  19 yaks
  5 basilisks
  2 wyverns
  A fire elemental (Orc:2)
  12 vampire mosquitoes
  6 nagas (Snake:1)
  A swamp worm (shapeshifter) (D:15)
  2 acid dragons (D:11)
  5 water moccasins
  2 hell hounds (Orc:2)
  12 orc warriors
  An ice beast (D:6)
  A black bear (D:8)
  2 necrophages
  3 ogres
  10 wolves
  8 centaurs
  A phantom (D:11)
  A kobold brigand (D:13)
  A wyvern zombie (D:8)
  3 gnoll sergeants
  10 bullfrogs
  2 water moccasin zombies
  3 scorpions
  A water moccasin skeleton (D:4)
  7 killer bees
  A wight (D:8)
  3 electric eels
  2 howler monkeys
  A centaur zombie (D:5)
  2 jellies (Lair:6)
  A bullfrog skeleton (D:7)
  6 orc priests
  2 gnoll shamans (D:8)
  An iguana (D:7)
  4 hell rats
  16 orc wizards
  A killer bee zombie (D:9)
  An ogre zombie (D:11)
  3 howler monkey zombies
  8 gnolls
  A howler monkey skeleton (D:7)
  3 adders
  2 white imps (D:5)
  An ufetubus (D:5)
  2 dart slugs (D:3)
  50 orcs
  4 bats (D:3)
  2 endoplasms (D:3)
  3 goblins
  A hobgoblin (D:2)
  2 ball pythons (D:4)
  A frilled lizard (D:3)
  A hobgoblin zombie (D:11)
  A kobold (D:3)
  3 orc zombies (D:11)
353 creatures vanquished.

Vanquished Creatures (others)
  29 battlemagi
  2 bushes (D:4)
  55 fungi
  140 plants
226 creatures vanquished.

Grand Total: 1027 creatures vanquished

Notes
Turn   | Place    | Note
-------+----------+-------------------------------------------
     0 | D:1      | dolemite99 the Hill Orc Fighter began the quest for the
                  | Orb.
     0 | D:1      | Reached XP level 1. HP: 19/19 MP: 1/1
   136 | D:1      | Reached skill level 3 in Axes
   227 | D:1      | Reached XP level 2. HP: 20/26 MP: 2/2
   500 | D:1      | Reached skill level 4 in Axes
   521 | D:1      | Found a faded altar of an unknown god.
   621 | D:1      | Prayed at the altar of an unknown god.
   621 | D:1      | Became a worshipper of Hepliaklqana the Forgotten
   621 | D:1      | Reached * piety under Hepliaklqana
   732 | D:2      | Reached XP level 3. HP: 14/27 MP: 3/3
   976 | D:2      | Reached skill level 5 in Axes
  1033 | D:2      | Noticed Robin
  1060 | D:2      | Killed Robin
  1061 | D:2      | Reached XP level 4. HP: 18/35 MP: 4/4
  1550 | D:2      | Noticed Sigmund
  1567 | D:2      | Killed Sigmund
  1568 | D:2      | Reached skill level 8 in Axes
  1568 | D:2      | Reached XP level 5. HP: 29/40 MP: 5/5
  1568 | D:2      | Reached XP level 6. HP: 33/45 MP: 6/6
  1569 | D:2      | Upgraded the game from 0.28-a0-1236-gb25a51b929 to
                  | 0.28-a0-1312-g71652a0310
  1794 | D:2      | Reached ** piety under Hepliaklqana
  1795 | D:2      | Remembered your ancestor Belshunu as a battlemage
  2053 | D:3      | Found Runakok's Antique Armour Shoppe.
  2070 | D:3      | Bought a pair of boots for 99 gold pieces
  2252 | D:3      | Found an ornate altar of the Wu Jian Council.
  2437 | D:3      | Found a hazy altar of Hepliaklqana.
  2664 | D:3      | Found Huas's Weapon Shoppe.
  2707 | D:3      | Found Wach's Distillery.
  2966 | D:4      | Found Horuel's Antique Weapon Emporium.
  2975 | D:4      | Reached *** piety under Hepliaklqana
  3117 | D:4      | Noticed a necrophage
  3120 | D:4      | Killed a necrophage
  3121 | D:4      | Reached skill level 9 in Axes
  3234 | D:4      | Found a blossoming altar of Fedhas.
  3239 | D:4      | Noticed a necrophage
  3239 | D:4      | Noticed a necrophage
  3240 | D:4      | Noticed a necrophage
  3320 | D:4      | Reached XP level 7. HP: 43/51 MP: 7/7
  3486 | D:4      | Reached skill level 10 in Axes
  3511 | D:5      | Entered Level 5 of the Dungeon
  3855 | D:5      | Reached skill level 11 in Axes
  3929 | D:5      | Found a staircase to the Ecumenical Temple.
  4038 | D:5      | Reached XP level 8. HP: 52/57 MP: 8/8
  4232 | D:5      | Reached skill level 12 in Axes
  4349 | D:3      | Bought a potion of heal wounds for 55 gold pieces
  4349 | D:3      | Bought a potion of degeneration for 11 gold pieces
  4402 | D:6      | Found a glowing silver altar of Zin.
  4648 | D:6      | Found Jyiqecli's Distillery.
  4658 | D:6      | Reached XP level 9. HP: 69/73 MP: 9/9
  4678 | D:6      | Bought a potion of curing for 45 gold pieces
  4682 | D:6      | Reached **** piety under Hepliaklqana
  4683 | D:6      | Found an ancient bone altar of Kikubaaqudgha.
  4793 | D:6      | Found a stormy altar of Qazlal.
  5276 | D:7      | Reached skill level 10 in Fighting
  5801 | D:7      | Found a white marble altar of Elyvilon.
  6051 | D:7      | Reached skill level 5 in Armour
  6457 | D:6      | Bought a potion of berserk rage for 75 gold pieces
  6793 | D:3      | Bought a potion of flight for 33 gold pieces
  7317 | D:8      | Noticed a two-headed ogre
  7355 | D:8      | Killed a two-headed ogre
  7356 | D:8      | Reached XP level 10. HP: 52/83 MP: 10/10
  7595 | D:8      | Reached skill level 1 in Invocations
  7738 | D:8      | Noticed a purple ugly thing
  7752 | D:8      | Killed a purple ugly thing
  7753 | D:8      | Reached skill level 5 in Invocations
  8444 | D:8      | Noticed Joseph
  8454 | D:8      | Killed Joseph
  8645 | D:8      | Reached ***** piety under Hepliaklqana
  8678 | D:8      | Reached skill level 10 in Invocations
  8678 | D:8      | Reached XP level 11. HP: 89/89 MP: 18/18
  8759 | D:8      | Found a staircase to the Lair.
  8980 | D:8      | Reached skill level 1 in Dodging
  9126 | Lair:1   | Entered Level 1 of the Lair of Beasts
  9580 | Lair:1   | Reached skill level 5 in Dodging
 10388 | Lair:2   | Noticed a catoblepas
 10682 | Lair:2   | Killed a catoblepas
 10720 | Lair:2   | Found a staircase to the Shoals.
 10754 | Lair:2   | Reached skill level 13 in Axes
 10860 | Lair:2   | Reached XP level 12. HP: 85/95 MP: 19/19
 11149 | Lair:2   | Reached skill level 14 in Axes
 11651 | Lair:3   | Found a staircase to the Snake Pit.
 11741 | Lair:3   | Reached skill level 10 in Armour
 12180 | Lair:3   | Noticed a six-headed hydra
 12714 | Lair:3   | Killed a ten-headed hydra
 12715 | Lair:3   | Reached skill level 1 in Throwing
 13388 | Lair:3   | Identified the +0 ring mail of Insurance {rN+ Will+}
 13783 | Lair:4   | Reached skill level 5 in Throwing
 13871 | Lair:4   | Found a snail-covered altar of Cheibriados.
 13947 | Lair:4   | Reached skill level 1 in Evocations
 14046 | Lair:4   | Reached XP level 13. HP: 105/105 MP: 20/20
 14558 | D:6      | Bought a potion of curing for 45 gold pieces
 14606 | D:4      | Bought a runed hunting sling for 112 gold pieces
 14784 | Lair:5   | Reached skill level 1 in Slings
 15016 | Lair:5   | Got Khufu's Almanac of Black Rituals
 15835 | Lair:6   | Entered Level 6 of the Lair of Beasts
 15847 | Lair:6   | Found a runed translucent door.
 15847 | Lair:6   | Found a viscous altar of Jiyva.
 16013 | Lair:6   | Found a staircase to the Slime Pits.
 16416 | Lair:6   | Reached skill level 15 in Axes
 16755 | Lair:6   | Reached XP level 14. HP: 116/116 MP: 21/21
 17107 | Lair:6   | Noticed Rupert
 17115 | Lair:6   | Paralysed by Rupert for 5 turns
 17117 | Lair:6   | Killed Rupert
 17987 | D:9      | Found the +2 ratskin cloak {*Rats rPois rN+ Str-1 Int-1
                  | Dex+1}
 17992 | D:9      | Noticed Erolcha
 17998 | D:9      | Killed Erolcha
 18049 | D:9      | Reached skill level 16 in Axes
 18583 | D:10     | Entered Level 10 of the Dungeon
 18659 | D:10     | Found Plog's General Store.
 18827 | D:10     | Found a sparkling altar of Nemelex Xobeh.
 19201 | D:11     | Found Lof Dov's Jewellery Boutique.
 19208 | D:11     | Bought a ring of willpower for 375 gold pieces
 19338 | D:11     | Noticed Psyche
 19343 | D:11     | Killed Psyche
 19351 | D:11     | Noticed Snorg
 19478 | D:11     | Killed Snorg
 20084 | D:11     | Found a staircase to the Orcish Mines.
 20802 | D:12     | Found Cithremm's Pet Rocks.
 20844 | D:12     | Bought a wand of digging (3) for 140 gold pieces
 20882 | D:12     | Noticed Nergalle
 20895 | D:12     | Killed Nergalle
 21052 | D:12     | Found a portal to a secret trove of treasure.
 21785 | Orc:1    | Entered Level 1 of the Orcish Mines
 22119 | D:13     | Noticed Sonja
 22350 | D:13     | Noticed Jorgrun
 22414 | D:13     | Gained mutation: You tend to lose your temper in combat.
                  | [potion of mutation]
 22427 | D:13     | Killed Jorgrun
 22862 | D:13     | Reached XP level 15. HP: 122/125 MP: 22/22
 22881 | D:13     | Reached skill level 15 in Armour
 23285 | D:13     | Reached skill level 15 in Fighting
 23418 | D:13     | Found a gate to the Vaults.
 23917 | D:13     | Killed Sonja
 24713 | Orc:1    | Lost mutation: You tend to lose your temper in combat.
                  | [potion of mutation]
 24713 | Orc:1    | Gained mutation: You have sharp toenails. [potion of
                  | mutation]
 24713 | Orc:1    | Gained mutation: Your system is resistant to poisons.
                  | (rPois) [potion of mutation]
 24950 | Orc:2    | Entered Level 2 of the Orcish Mines
 24990 | Orc:2    | Noticed Azrael
 25007 | Orc:2    | Killed Azrael
 25311 | Orc:2    | Noticed Josephine
 25416 | Orc:2    | Killed Josephine
 25628 | Orc:2    | Found Beupluw's Distillery.
 25628 | Orc:2    | Found Kaow's Distillery.
 25642 | Orc:2    | Found Kafeodde's Antique Armour Shoppe.
 25643 | Orc:2    | Found Omiz's General Store.
 25669 | Orc:2    | Bought 2 curare-tipped darts for 16 gold pieces
 25694 | Orc:2    | Bought a glimmering plate armour for 672 gold pieces
 25694 | Orc:2    | Identified the +1 plate armour of the Earth {Int+2} (You
                  | bought it in a shop on level 2 of the Orcish Mines)
 25824 | Orc:2    | Found a staircase to the Elven Halls.
 26277 | Orc:1    | Noticed an orc warlord
 26849 | Orc:1    | Reached skill level 17 in Axes
 26864 | Orc:1    | Killed an orc warlord
 26972 | Orc:1    | Found Cutoimen's Assorted Antiques.
 27086 | Orc:2    | Bought a potion of cancellation for 128 gold pieces
 27091 | Orc:2    | Bought a potion of invisibility for 128 gold pieces
 27093 | Orc:2    | Bought a potion of resistance for 160 gold pieces
 27155 | D:10     | Bought a scroll of teleportation for 45 gold pieces
 27217 | Orc:2    | Bought a potion of heal wounds for 80 gold pieces
 28171 | D:14     | Noticed Agnes
 28178 | D:14     | Killed Agnes
 28735 | D:10     | Bought a potion of curing for 45 gold pieces
 29186 | D:15     | Entered Level 15 of the Dungeon
 29348 | D:15     | Reached skill level 18 in Axes
 29521 | D:15     | Reached XP level 16. HP: 139/139 MP: 23/23
 30644 | D:15     | Found a staircase to the Depths.
 30936 | Snake:1  | Entered Level 1 of the Snake Pit
 30960 | Snake:1  | Reached skill level 19 in Axes
 31735 | Snake:1  | Reached skill level 20 in Axes
 32438 | Snake:2  | HP: 7/141 [black mamba (10)]
 32438 | Snake:2  | Slain by a naga

Illustrated notes

Levels and vault maps discovered:
D:1:      lemuel_arrival_cross, layout_loops_ring, ebering_ecumenical_altar_box
D:2:      layout_basic, uniq_sigmund, uniq_robin
D:3:      layout_loops_ring, mainiacjoe_overflow_paths,
          nicolae_overflow_crystal_walls, serial_shops, nicolae_shop_crystal,
          nicolae_shop_overgrown_old_shop, nicolae_shop_statue_plus
D:4:      layout_rooms, fedhas_altar_decomposition, serial_shops,
          nicolae_shop_hallway_plus, hangedman_abyss_or_decor_stagger
D:5:      layout_basic, minmay_temple_entry_nine_rooms,
          corexii_leaking_fountain, hangedman_abyss_or_decor_slice
D:6:      layout_rooms, mainiacjoe_overflow_catwalk_spiral,
          mainiacjoe_overflow_tiny_flanked, serial_shops, shop_fountains
D:7:      layout_gridville, nicolae_elyvilon_temple_path,
          amcnicky_mini_pool_medium
D:8:      cheibrodos_ideogram_h, layout_cave_pools,
          grunt_lair_entry_orc_guard_hut, special_room [special_room_orc],
          nrook_mini_vaults, uniq_joseph
D:9:      layout_irregular_city, uniq_erolcha
D:10:     layout_roguey, mainiacjoe_overflow_alcove_4, serial_shops,
          nicolae_shop_crystal, serial_corexii_hall,
          chequers_hall_statues_wall_a, corexii_hall_statues_x
D:11:     layout_rooms, zombieorc2_lemuel, serial_shops, shop, minmay_radiant,
          uniq_snorg, uniq_psyche
D:12:     layout_basic, enter_trove_5, guppyfry_shop_earth, uniq_nergalle
D:13:     layout_rooms, hangedman_vaults_entry_quadrant_bands, uniq_jorgrun,
          uniq_sonja
D:14:     layout_cave_pods, uniq_agnes
D:15:     gammafunk_enter_depths_forms, layout_cave_pods, minmay_door_square
Lair:1:   layout_hall_layers, chequers_serial_rivers_large_a, grunt_megastairs_5
Lair:2:   layout_regular_city, minmay_shoals_entry_centaurs
Lair:3:   layout_chaotic_city, dummy_snake_entry,
          nicolae_lair_run_with_the_wolves
Lair:4:   layout_regular_city, lemuel_centaur_altar
Lair:5:   layout_cave_shapes, chequers_serial_rivers_large_b, minmay_hedge_maze,
          infiniplex_staircase_pool_2
Lair:6:   minmay_lair_end_frog_pond, layout_regular_city, slime_altar_2,
          nicolae_quartered_pool_super, serial_bayou_ford_a, uniq_rupert
Snake:1:  layout_misc_corridors, grunt_ministairs_15, st_stairs_12
Snake:2:  nicolae_snake_nest, layout_misc_corridors, special_room, st_stairs_12,
          grunt_megastairs_4
Orc:1:    layout_diamond_mine, serial_shops, nicolae_shop_advertising_works
          [nicolae_subvault_shop_adworks]
Orc:2:    st_orc_mages, layout_caves, uniq_azrael, uniq_josephine

Skill      XL: |  1  2  3  4  5  6  7  8  9 10 11 12 13 14 15 16 |
---------------+-------------------------------------------------+-----
Axes           | 3 4 5 8 9 11 12 13 14 15 16 18 20 | 20.0
Fighting       | 8 10 11 13 14 17 | 17.8
Armour         | 8 9 11 12 14 15 | 15.1
Invocations    | 10 | 10.8
Shields        | 4 |  4.0
Dodging        | 7 8 |  8.0
Throwing       | 5 |  5.0
Evocations     | 2 |  2.4
Slings         | 4 |  4.9

Action                   |  1- 3 |  4- 6 |  7- 9 | 10-12 | 13-15 | 16-18 || total
-------------------------+-------+-------+-------+-------+-------+-------++-------
Melee: War axe           |    65 |    88 |   118 |   307 |   226 |       ||   804
       Hunting sling     |       |       |       |       |     1 |       ||     1
       Battleaxe         |       |       |       |       |    13 |   155 ||   168
 Fire: Hunting sling     |       |       |       |       |   798 |    24 ||   822
Throw: Stone             |       |     2 |     4 |     9 |       |       ||    15
       Dart              |       |       |    36 |   174 |     4 |     1 ||   215
       Boomerang         |       |       |     1 |    40 |    12 |       ||    53
       Throwing net      |       |       |     1 |       |       |       ||     1
Invok: Recall Ancestor   |       |     1 |     5 |     2 |     4 |     2 ||    14
       Ancestor Life: Ba |       |     1 |       |       |       |       ||     1
       Idealise          |       |       |       |     5 |    23 |     3 ||    31
Evoke: Wand              |       |       |       |       |    24 |     9 ||    33
       Phantom mirror    |       |       |       |       |     3 |     2 ||     5
       Box of beasts     |       |       |       |       |     3 |     1 ||     4
  Use: Scroll            |       |     4 |     4 |     9 |    20 |     2 ||    39
       Potion            |       |       |     4 |     1 |    19 |     5 ||    29
 Stab: Distracted        |       |       |     2 |     4 |     5 |     3 ||    14
       Invisible         |       |       |       |       |     1 |       ||     1
       Paralysed         |       |       |       |       |       |     2 ||     2
Armor: Scale mail        |    27 |    48 |    63 |    50 |       |       ||   188
       Plate armour      |       |       |       |   146 |   254 |   106 ||   506
Dodge: Dodged            |    26 |    31 |    52 |   148 |   170 |    66 ||   493
Block: Buckler           |    18 |    22 |    17 |    62 |   171 |       ||   290
       Reflection        |       |       |       |       |    16 |     9 ||    25
       Other             |       |       |       |       |     2 |    41 ||    43

Table legend: (Time is in decaauts)
 A = Elapsed time spent in this place.
 B = Non-inter-level travel time spent in this place.
 C = Inter-level travel time spent in this place.
 D = Time resting spent in this place.
 E = Time spent auto-exploring this place.
 F = Levels seen in this place.
 G = Mean time per level.
                   A        B        C        D        E       F      G
               +--------+--------+--------+--------+--------+-----+--------+
         Total |  32309 |  29981 |   2328 |   8047 |  16088 |  25 | 1292.4 |
       Dungeon |  19952 |  18397 |   1555 |   5748 |   9262 |  15 | 1330.1 |
          Lair |   8366 |   7837 |    529 |   1263 |   5039 |   6 | 1394.3 |
     Snake Pit |   1470 |   1436 |     34 |    387 |    735 |   2 |  735.0 |
  Orcish Mines |   2519 |   2311 |    208 |    648 |   1052 |   2 | 1259.5 |
               +--------+--------+--------+--------+--------+-----+--------+

Top non-repeatable levels by time:
     D:8: 2536 daAuts
    D:13: 2401 daAuts
  Lair:3: 1830 daAuts
    D:12: 1742 daAuts
  Lair:6: 1724 daAuts
    D:14: 1686 daAuts
     D:7: 1638 daAuts
    D:15: 1556 daAuts
    D:11: 1498 daAuts
 Snake:1: 1427 daAuts
   Orc:1: 1395 daAuts
     D:2: 1320 daAuts
  Lair:2: 1315 daAuts
  Lair:1: 1294 daAuts
   Orc:2: 1124 daAuts
